 Dungeon Crawl Stone Soup version 0.24.1-14-gf8d2b509d9 (webtiles) character file.

Game seed: 12801778827928365225, levelgen mode: deterministic

3034 wolferwinsome the Cudgeler (level 9, 0/54 HPs)
             Began as a Gargoyle Gladiator on July 7, 2023.
             Was a Priest of Okawaru.
             Slain by Erica
             ... wielding a +0 scimitar of flaming
              (9 damage)
             ... on level 8 of the Dungeon on July 27, 2023.
             The game lasted 00:52:07 (8570 turns).

wolferwinsome the Cudgeler (Gargoyle Gladiator)     Turns: 8570, Time: 00:52:07

Health: 0/54       AC: 13    Str: 18    XL:     9   Next: 86%
Magic:  8/9        EV: 18    Int: 15    God:    Okawaru [***...]
Gold:   304        SH:  0    Dex: 13    Spells: 8/8 levels left

rFire    . . .     SeeInvis .   a - +0 flail
rCold    . . .     Gourm    .   (no shield)
rNeg     + . .     Faith    .   b - +0 leather armour
rPois    ∞         Spirit   .   c - +0 helmet
rElec    +         Reflect  .   (no cloak)
rCorr    .         Harm     .   x - +0 pair of gloves
MR       .....                  (no boots)
Stlth    +++.......             (no amulet)
HPRegen  0.18/turn              w - +5 ring of intelligence (curse)
MPRegen  0.11/turn              (no ring)

@: heroism, slowed, very slow
A: negative energy resistance 1, electricity resistance, unbreathing,
petrification resistance, rot immunity, AC +6
a: Heroism, Renounce Religion


You were on level 8 of the Dungeon.
You worshipped Okawaru.
Okawaru was most pleased with you.
You were hungry.

You visited 2 branches of the dungeon, and saw 10 of its levels.

You collected 304 gold pieces.

Inventory:

Hand Weapons
 a - a +0 flail (weapon)
 y - a +0 club
Missiles
 d - 4 throwing nets
 h - 237 stones
 m - 2 boomerangs (quivered)
 t - 15 poisoned darts
Armour
 b - a +0 leather armour (worn)
 c - a +0 helmet (worn)
 x - a +0 pair of gloves (worn)
 H - a +0 shield of cold resistance
Jewellery
 w - a cursed +5 ring of intelligence (left hand)
 z - an uncursed amulet of faith {unknown}
 F - an uncursed ring of fire
Wands
 G - a wand of random effects (21)
 I - a wand of iceblast (4)
 J - a wand of acid (10)
Scrolls
 e - 6 scrolls of enchant weapon {unknown}
 g - 7 scrolls of remove curse {unknown}
 j - 2 scrolls of fog {unknown}
 o - 7 scrolls of identify {unknown}
 q - 2 scrolls of noise {unknown}
 v - 4 scrolls of immolation {unknown}
 A - a scroll of random uselessness {unknown}
 B - a scroll of fear {unknown}
 C - a scroll of teleportation {unknown}
 E - a scroll of enchant armour {unknown}
Potions
 i - 3 potions of cancellation {unknown}
 k - a potion of curing {unknown}
 l - a potion of might
 n - 3 potions of berserk rage {unknown}
 p - 2 potions of magic {unknown}
 r - 3 potions of heal wounds {unknown}
 s - 2 potions of haste {unknown}
 u - 4 potions of flight {unknown}
 D - a potion of brilliance {unknown}
Comestibles
 f - 11 rations


   Skills:
 + Level 5.0(10.0) Fighting
 + Level 7.7(12.7) Maces & Flails
 * Level 6.8(11.8) Throwing
 + Level 3.5(8.5) Armour
 * Level 5.8(10.8) Dodging
 + Level 2.1(7.1) Stealth
 + Level 1.0 Invocations


You had 8 spell levels left.
You didn't know any spells.
Your spell library was empty.

Dungeon Overview and Level Annotations

Branches:
Dungeon (9/15)             Temple (1/1) D:4
   Lair: D:8-11         Orc: D:9-12

Altars:
Ashenzari
Cheibriados
Dithmenos
Elyvilon
Fedhas
Gozag
Kikubaaqudgha
Makhleb
Nemelex Xobeh
Okawaru
Qazlal
Ru
Sif Muna
Trog
Uskayaw
Vehumet
Xom
Yredelemnul
Zin
The Shining One

Annotations:
D:8 Erica


Innate Abilities, Weirdness & Mutations

You are resistant to torment.
Your stone body is resilient. (AC +6)
You are immune to poison.
You resist negative energy. (rN+)
You are resistant to electric shocks. (rElec)
You can survive without breathing.
You are immune to petrification.
You are immune to rotting.


Message History

You barely miss something.
The orc wizard gestures at you while chanting.
You feel as though you will be slow longer.
Something hits you but does no damage. The orc wizard misses you.
You hit something but do no damage. The orc wizard barely misses you.
Something hits you!
* * * LOW HITPOINT WARNING * * *
Something burns you.
* * * LOW HITPOINT WARNING * * *
The orc wizard hits you but does no damage.
You barely miss something. The orc wizard barely misses you.
Something completely misses you.
Throwing (i - inventory. (/) - cycle)
m - 2 boomerangs (quivered)
Press: ? - help, Shift-Dir - straight line You throw a boomerang.
The boomerang completely misses the orc.
The boomerang closely misses the orc.
The orc wizard hits you but does no damage. x2
Something hits you!
You die...

###
#.################
#.................
#o################
#@# #{# .# #o######
... ######o.....#
....#...##.[....#.
....#..............
.
........#..........
.
....#...#.........#
.
..................#
.


You could see an orc wizard and 2 orcs.

Vanquished Creatures
  The ghost of Djon the Charmwright, a novice GnSk of Okawaru (D:6)
  Sigmund (D:4)
  A hippogriff (D:7)
  A water moccasin (D:7)
  An orc warrior (D:6)
  2 black bears
  A centaur (D:6)
  3 phantoms
  An ogre (D:7)
  A big kobold (D:6)
  A bullfrog (D:7)
  A water moccasin skeleton (D:6)
  3 scorpions
  5 killer bees
  3 crimson imps
  A gnoll shaman (D:5)
  2 hounds
  2 bullfrog skeletons
  2 jellies (D:4)
  An iguana (D:5)
  6 worker ants
  5 orc wizards
  13 gnolls
  A worker ant zombie (D:5)
  7 adders
  A shadow imp (D:6)
  An adder skeleton (D:6)
  An adder zombie (D:6)
  2 worms (D:3)
  2 dart slugs
  5 leopard geckos
  21 orcs
  A ball python (D:6)
  8 bats
  5 giant cockroaches
  4 goblins
  8 hobgoblins
  9 jackals
  6 quokkas
  3 frilled lizards
  A jackal zombie (D:7)
  6 kobolds
  2 leopard gecko skeletons
  A quokka skeleton (D:4)
  A quokka zombie (D:6)
  6 rats
160 creatures vanquished.

Notes
Turn   | Place    | Note
-------+----------+-------------------------------------------
     0 | D:1      | wolferwinsome the Gargoyle Gladiator began the quest for
                  | the Orb.
     0 | D:1      | Reached XP level 1. HP: 12/12 MP: 1/1
    49 | D:1      | Reached XP level 2. HP: 14/17 MP: 2/2
   494 | D:1      | Reached XP level 3. HP: 21/22 MP: 3/3
   692 | D:1      | Found a stormy altar of Qazlal.
  1329 | D:2      | You fall into a shaft and drop 1 floor!
  1373 | D:3      | Reached XP level 4. HP: 23/27 MP: 4/4
  2102 | D:3      | Reached skill level 4 in Maces & Flails
  2102 | D:3      | Reached skill level 1 in Armour
  2102 | D:3      | Reached XP level 5. HP: 31/31 MP: 5/5
  2294 | D:3      | Found a white marble altar of Elyvilon.
  2937 | D:4      | Noticed Sigmund
  3022 | D:5      | Entered Level 5 of the Dungeon
  3058 | D:4      | Reached XP level 6. HP: 32/36 MP: 6/6
  3745 | D:4      | Reached skill level 5 in Maces & Flails
  3747 | D:4      | Found a staircase to the Ecumenical Temple.
  3756 | Temple   | Entered the Ecumenical Temple
  3843 | Temple   | Became a worshipper of Warmaster Okawaru
  3871 | D:4      | Reached XP level 7. HP: 35/41 MP: 7/7
  3959 | D:5      | Found a radiant altar of Vehumet.
  4461 | D:4      | Killed Sigmund
  4461 | D:4      | Reached * piety under Okawaru
  4990 | D:5      | Reached XP level 8. HP: 42/46 MP: 8/8
  5206 | D:5      | Reached skill level 1 in Stealth
  5578 | D:6      | Found a burning altar of Makhleb.
  5579 | D:6      | Found a glowing golden altar of the Shining One.
  5581 | D:6      | Found a hide-covered altar of Uskayaw.
  5581 | D:6      | Found a shimmering altar of Xom.
  5613 | D:6      | Found a sparkling altar of Nemelex Xobeh.
  5613 | D:6      | Found an opulent altar of Gozag.
  5613 | D:6      | Found a sacrificial altar of Ru.
  5651 | D:6      | Reached ** piety under Okawaru
  5716 | D:6      | Reached skill level 5 in Throwing
  5731 | D:6      | Found a runed translucent gate.
  5731 | D:6      | Found a runed translucent gate.
  5731 | D:6      | Found a runed translucent gate.
  5746 | D:6      | Noticed Djon's ghost (novice GnSk)
  5766 | D:6      | Reached skill level 6 in Maces & Flails
  6340 | D:6      | Reached skill level 5 in Dodging
  6427 | D:7      | Found a bloodstained altar of Trog.
  6978 | D:6      | Reached XP level 9. HP: 46/52 MP: 6/9
  7205 | D:6      | Killed Djon's ghost
  7376 | D:6      | Reached *** piety under Okawaru
  7376 | D:6      | Reached skill level 7 in Maces & Flails
  8065 | D:7      | Reached skill level 1 in Invocations
  8089 | D:7      | Reached skill level 5 in Fighting
  8203 | D:7      | Reached **** piety under Okawaru
  8280 | D:7      | Found a shimmering altar of Xom.
  8529 | D:8      | Noticed Erica
  8570 | D:8      | Slain by Erica

Levels and vault maps discovered:
D:1:      wander_arrival_fairy_ring, layout_loops_corners,
          kennysheep_flooded_box
D:2:      layout_rooms
D:3:      layout_basic, lemuel_doored_altar, serial_bayou_pond_e
D:4:      layout_loops_ring, minmay_temple_entry_from_below_a, first_ration,
          solitary_fountain, chequers_serial_rivers_small_b, minivault_14,
          uniq_sigmund
D:5:      layout_rooms, overflow_temple_1_default
D:6:      layout_basic, grunt_temple_overflow_open, gammafunk_ghost_split
D:7:      layout_cave_pools, overflow_temple_1_default, basic_altar
D:8:      layout_basic, special_room [special_room_kobold], serial_shops, shop,
          hangedman_abyss_or_decor_stabs, uniq_erica
D:9:      layout_loops_corners, old_standard_altar, kennysheep_mini_moat,
          hangedman_fish_farm
Temple:   eino_temple_lava

Skill      XL: |  1  2  3  4  5  6  7  8  9 |
---------------+----------------------------+-----
Dodging        | 3 4 5 |  5.8
Throwing       | 2 3 4 5 6 |  6.8
Maces & Flails | 4 5 6 7 |  7.7
Armour         | 1 2 3 |  3.5
Fighting       | 3 4 5 |  5.0
Stealth        | 1 2 |  2.1
Invocations    | 1 |  1.0

Action                   |  1- 3 |  4- 6 |  7- 9 || total
-------------------------+-------+-------+-------++-------
Melee: Flail             |   121 |   165 |   399 ||   685
Throw: Stone             |     3 |   106 |   207 ||   316
       Boomerang         |       |    14 |    43 ||    57
       Dart              |       |     3 |       ||     3
Invok: Heroism           |       |       |     7 ||     7
 Stab: Sleeping          |     1 |       |     1 ||     2
       Distracted        |       |       |     1 ||     1
  Eat: Chunk             |     1 |     7 |    13 ||    21
       Ration            |       |       |     1 ||     1
Armor: Leather armour    |    59 |    87 |   220 ||   366
Dodge: Dodged            |    92 |   158 |   446 ||   696
